Construct Section Command Post
Construct Platoon Command Post
Construct Company Command Post
Unlock Bishop Self-propelled Artillery
Selects Heavy Armor Battlegroup
Selects Light Vehicle Withdraw and Refit
Selects Rigorous Vehicle Training
Selects Forward Repair Assembly
Unlock M3 Grant Medium Tanks
Selects Churchill Black Prince Heavy Tank
Churchill Black Prince Heavy Tank
Bishop Self-propelled Artillery
Churchill Black Prince Heavy Tank